 Dungeon Crawl Stone Soup version 0.31-a0-202-g547052bce9 (webtiles) character file.

Game seed: 11067365178037152878

1189 qw the Skirmisher (level 8, 0/45 HPs)
             Began as a Deep Elf Hunter on June 26, 2023.
             Slain by a gnoll
             ... wielding a +1 whip of freezing
              (1 damage)
             ... on level 5 of the Dungeon.
             The game lasted 00:01:12 (2212 turns).

qw the Skirmisher (Deep Elf Hunter)                 Turns: 2212, Time: 00:01:13

Health: 0/45       AC:  6    Str: 10    XL:     8   Next: 19%
Magic:  10/10      EV: 13    Int: 15    God:
Gold:   87         SH:  0    Dex: 24    Spells: 7/7 levels left

rFire   . . .        Y - +1 shortbow (drain)
rCold   + . .        (shield currently unavailable)
rNeg    . . .        c - +0 ring mail {rC+}
rPois   .            q - +0 helmet
rElec   .            (no cloak)
rCorr   .            (no gloves)
SInv    +            (no boots)
Will    .....        l - amulet of regeneration
Stlth   ++           e - +6 ring of dexterity
HPRegen 1.07/turn    p - ring of see invisible
MPRegen 0.12/turn

%: no passive effects
@: no status effects
A: no striking features
a: no special abilities


You were on level 5 of the Dungeon.
You visited 1 branch of the dungeon, and saw 7 of its levels.

You collected 238 gold pieces.
You spent 151 gold pieces at shops.


   Skills:
 - Level 2.9 Fighting
 + Level 11.9 Ranged Weapons
 - Level 1.5 Armour
 - Level 5.0 Dodging
 - Level 1.2 Stealth


You had 7 spell levels left.
You didn't know any spells.
Your spell library was empty.

Inventory:

Hand Weapons
 Y - a +1 shortbow of draining (weapon)
Armour
 c - a +0 ring mail of cold resistance (worn)
 f - a +2 leather armour of fire resistance
 q - a +0 helmet (worn)
Jewellery
 e - a +6 ring of dexterity (left hand)
 l - an amulet of regeneration (around neck)
 o - a ring of willpower
 p - a ring of see invisible (right hand)
Scrolls
 h - a scroll of identify
Potions
 b - a potion of haste {unknown}
 d - a potion of heal wounds
 g - a potion of mutation
 i - a potion of curing {unknown}
 j - a potion of lignification {unknown}
 k - a potion of attraction {unknown}
 m - a potion of might {unknown}
 n - a potion of berserk rage {unknown}
 s - a potion of enlightenment

Dungeon Overview and Level Annotations

Branches:
Dungeon (7/15)             Temple (0/1) D:5

Altars:
Xom

Shops:
D:3 *


Message History

The black bear claws you but does no damage.
The gnoll barely misses you. The bullfrog closely misses you.
You shoot an arrow. The arrow hits the bullfrog.
The bullfrog is heavily wounded.
The adder closely misses you. The bullfrog barely misses you.
The orc closely misses you. The gnoll barely misses you.
The black bear bites you. The black bear closely misses you.
The black bear claws you. The adder bites you.
You are poisoned.
The adder poisons you!
2209 ||| DRINKING 2 potions of heal wounds.
You feel much better.
You feel sick. The bullfrog barely misses you. The orc misses you.
The black bear bites you but does no damage.
The black bear claws you. x2; The gnoll misses you.
The adder bites you but does no damage. The bullfrog barely misses you.
You shoot an arrow. The arrow hits the bullfrog.
The bullfrog is severely wounded.
You feel sick. The bullfrog closely misses you. The adder bites you.
The orc misses you. The black bear bites you. The black bear misses you.
The black bear barely misses you. The gnoll misses you.
You shoot an arrow. The arrow hits the bullfrog.
The bullfrog is almost dead.
You feel sick.
The bullfrog hits you but does no damage.
The adder completely misses you.
The orc hits you from afar with a +0 trident.
The gnoll hits you with a +1 whip of freezing.
The gnoll freezes you. The black bear misses you. The black bear claws you.
The black bear barely misses you.
You shoot an arrow. The arrow hits the bullfrog.
You kill the bullfrog!
You feel sick.
You are no longer poisoned.
The adder bites you. The orc hits you but does no damage.
The black bear bites you.
The black bear claws you but does no damage. x2
The gnoll hits you with a +1 whip of freezing!
The gnoll freezes you.
You die...

... +.....# ..##.....
........ ...... .#
.....# #####.##
.o..###......
.######h)........ ###
......%@g......# ##..
~~~...S........# ####...
~~~~~......=...# #.#.#..
~~~~~~~........###.#.#..
~~~~~~~~.......##..#.#..
..~~~~~~..........#...#.
>.~~~~~~........###...##
..~~~~~~........# #...#.
~~~~~~.........# :#.#.#


You could see a black bear, a gnoll, an adder and an orc.

Vanquished Creatures
  4 yaks (D:7)
  A steam dragon (D:7)
  2 black bears (D:5)
  A kobold brigand (D:7)
  A bullfrog (D:5)
  A scorpion (D:3)
  An orc priest (D:3)
  Jessica (D:3)
  2 iguanas (D:7)
  2 gnolls (D:5)
  An adder (D:3)
  2 worms
  A dart slug (D:1)
  3 orcs
  7 ball pythons
  4 bats (D:3)
  4 endoplasms
  2 giant cockroaches
  4 goblins
  7 hobgoblins
  4 quokkas
  6 frilled lizards
  6 kobolds
  2 rats
69 creatures vanquished.

Notes
Turn   | Place    | Note
-------+----------+-------------------------------------------
     0 | D:1      | qw the Deep Elf Hunter began the quest for the Orb.
     0 | D:1      | Reached XP level 1. HP: 12/12 MP: 3/3
     0 | D:1      | 0 ||| qw: Version: 0.3-a-22-g0ed2b0b
     0 | D:1      | 0 ||| qw: Game counter: 5759
     0 | D:1      | 0 ||| qw: Melee chars always use a shield: true
     0 | D:1      | 0 ||| qw: God list: Okawaru
     0 | D:1      | 0 ||| qw: Allow faded altars: false
     0 | D:1      | 0 ||| qw: Do Orc after clearing Dungeon:15 true
     0 | D:1      | 0 ||| qw: Do second Lair branch before Depths: true
     0 | D:1      | 0 ||| qw: Lair rune preference: random
     0 | D:1      | 0 ||| qw: Goals: Normal
     0 | D:1      | 0 ||| PLANNING D:1-11
   146 | D:1      | Reached skill level 6 in Ranged Weapons
   146 | D:1      | Reached XP level 2. HP: 16/16 MP: 4/4
   350 | D:1      | 350 ||| UPGRADING to +6 ring of dexterity.
   351 | D:1      | 351 ||| READING 2 scrolls labelled WOP QYIMAMM.
   352 | D:1      | 352 ||| READING scroll labelled WANUORHOEG.
   356 | D:1      | 356 ||| READING scroll labelled USEUN VOCOUSH.
   357 | D:1      | 357 ||| DROPPING scroll of revelation.
   358 | D:1      | 358 ||| DROPPING scroll of butterflies.
   493 | D:2      | Identified the +0 leather armour of the Snake Pit {rC++ rN+
                  | Slay-6 SInv}
   526 | D:2      | Reached XP level 3. HP: 20/20 MP: 5/5
  1056 | D:2      | 1056 ||| UPGRADING to +0 leather armour of the Snake Pit
                  | {rC++ rN+ Slay-6 SInv}.
  1066 | D:2      | 1066 ||| READING scroll labelled MUROAJ CEXISOS.
  1067 | D:2      | 1067 ||| READING 5 scrolls of identify.
  1067 | D:2      | 1067 ||| IDENTIFYING red potion
  1068 | D:2      | 1068 ||| READING 4 scrolls of identify.
  1068 | D:2      | 1068 ||| IDENTIFYING fuming white potion
  1069 | D:2      | 1069 ||| READING 3 scrolls of identify.
  1069 | D:2      | 1069 ||| IDENTIFYING fizzy silvery potion
  1070 | D:2      | 1070 ||| READING 2 scrolls of identify.
  1070 | D:2      | 1070 ||| IDENTIFYING glowing yellow potion
  1071 | D:2      | 1071 ||| DROPPING potion of brilliance.
  1072 | D:2      | 1072 ||| DROPPING potion of degeneration.
  1117 | D:3      | 1117 ||| STAIRDANCE
  1122 | D:2      | Reached skill level 7 in Ranged Weapons
  1130 | D:2      | 1130 ||| DROPPING +0 leather armour.
  1152 | D:3      | Noticed Jessica
  1159 | D:3      | Killed Jessica
  1160 | D:3      | Reached skill level 3 in Dodging
  1160 | D:3      | Reached XP level 4. HP: 12/25 MP: 6/6
  1288 | D:3      | Identified the +7 war axe of Extinguishment {flame, rElec
                  | MP+9}
  1309 | D:3      | Noticed a scorpion
  1322 | D:3      | Killed a scorpion
  1323 | D:3      | Reached XP level 5. HP: 22/29 MP: 7/7
  1369 | D:3      | Reached skill level 8 in Ranged Weapons
  1371 | D:3      | 1371 ||| FLEEEEING.
  1372 | D:3      | 1372 ||| FLEEEEING.
  1373 | D:3      | 1373 ||| FLEEEEING.
  1374 | D:3      | 1374 ||| FLEEEEING.
  1375 | D:3      | 1375 ||| FLEEEEING.
  1376 | D:3      | 1376 ||| FLEEEEING.
  1377 | D:3      | 1377 ||| FLEEEEING.
  1378 | D:3      | 1378 ||| FLEEEEING.
  1379 | D:3      | 1379 ||| FLEEEEING.
  1380 | D:3      | 1380 ||| FLEEEEING.
  1381 | D:3      | 1381 ||| FLEEEEING.
  1386 | D:3      | 1386 ||| STAIRDANCE
  1405 | D:2      | 1405 ||| UPGRADING to +2 leather armour of fire resistance.
  1415 | D:2      | 1415 ||| DROPPING +0 leather armour of the Snake Pit {rC++
                  | rN+ Slay-6 SInv}.
  1416 | D:2      | 1416 ||| UPGRADING to ring of willpower.
  1417 | D:2      | 1417 ||| READING scroll labelled WILEGO HIXTOIPH.
  1453 | D:3      | Found Qolih's Assorted Antiques.
  1461 | D:3      | 1461 ||| BUYING dented pearl amulet (110 gold).
  1461 | D:3      | Bought a dented pearl amulet for 110 gold pieces
  1461 | D:3      | 1461 ||| BUYING murky amethyst potion (19 gold).
  1461 | D:3      | Bought a murky amethyst potion for 19 gold pieces
  1461 | D:3      | 1461 ||| SHOPLISTING runed leather armour (110 gold, have
                  | 44).
  1461 | D:3      | 1461 ||| BUYING scroll labelled ZOKHLA BANY (22 gold).
  1461 | D:3      | Bought a scroll labelled ZOKHLA BANY for 22 gold pieces
  1549 | D:3      | Found a shimmering altar of Xom.
  1550 | D:3      | Found a shimmering altar of Xom.
  1550 | D:3      | Found a shimmering altar of Xom.
  1550 | D:3      | Found a shimmering altar of Xom.
  1552 | D:3      | Found a shimmering altar of Xom.
  1697 | D:3      | 1697 ||| UPGRADING to +0 helmet.
  1702 | D:3      | 1702 ||| UPGRADING to amulet of regeneration.
  1707 | D:3      | 1707 ||| UPGRADING to ring of see invisible.
  1709 | D:3      | 1709 ||| READING scroll labelled ZOKHLA BANY.
  1710 | D:3      | 1710 ||| READING scroll labelled QAUTIU QEOCVA.
  1711 | D:3      | 1711 ||| DRINKING 2 silvery potions.
  1742 | D:4      | You fall into a shaft and drop 3 floors!
  1777 | D:7      | Noticed a yak
  1785 | D:7      | Killed a yak
  1786 | D:7      | Reached skill level 9 in Ranged Weapons
  1786 | D:7      | Reached XP level 6. HP: 30/34 MP: 8/8
  1791 | D:7      | Noticed a yak
  1793 | D:7      | Noticed a yak
  1793 | D:7      | Noticed a yak
  1795 | D:7      | Noticed a steam dragon
  1803 | D:7      | Killed a yak
  1807 | D:7      | Killed a yak
  1808 | D:7      | Reached XP level 7. HP: 22/40 MP: 9/9
  1815 | D:7      | Killed a yak
  1816 | D:7      | Reached skill level 10 in Ranged Weapons
  1822 | D:7      | Killed a steam dragon
  1823 | D:7      | Reached skill level 11 in Ranged Weapons
  2079 | D:7      | 2079 ||| DROPPING +0 scale mail.
  2080 | D:7      | 2080 ||| UPGRADING to +0 ring mail of cold resistance.
  2090 | D:7      | 2090 ||| READING 3 scrolls labelled UNAIM ASADI.
  2091 | D:7      | 2091 ||| READING scroll labelled JAEMIG LOOT.
  2092 | D:7      | 2092 ||| DROPPING 2 scrolls of fear.
  2094 | D:7      | 2094 ||| Stepping ~*~*~tactically~*~*~ (cloud).
  2118 | D:7      | 2118 ||| STAIRDANCE
  2127 | D:5      | Entered Level 5 of the Dungeon
  2188 | D:5      | Reached skill level 1 in Armour
  2188 | D:5      | Reached XP level 8. HP: 45/45 MP: 10/10
  2188 | D:5      | Found a staircase to the Ecumenical Temple.
  2189 | D:5      | 2189 ||| PLANNING TEMPLE
  2189 | D:5      | 2189 ||| READING scroll labelled NOROVO UFAEGGA.
  2208 | D:5      | HP: 11/45 [black bear (5)]
  2209 | D:5      | 2209 ||| DRINKING 2 potions of heal wounds.
  2212 | D:5      | HP: 1/45 [gnoll/+1 whip of freezing (7)]
  2212 | D:5      | Slain by a gnoll

Levels and vault maps discovered:
D:1:      scummos_arrival_forest, layout_rooms, minivault_24
D:2:      layout_loops_ring
D:3:      layout_rooms, xom_redecorated, serial_shops,
          nicolae_shop_gibbet_a_chance, feat_on_display, uniq_jessica
D:4:      layout_basic, mainiacjoe_overflow_24_doors, uniq_eustachio,
          uniq_crazy_yiuf_cottage
D:5:      nicolae_BIG_FREAKIN_CUBE, layout_basic, trog_ov_bears_minmay,
          temple_pool_b, gammafunk_ghost_cemetery, serial_aquarium,
          aquarium_bridge_square [aquarium_subvault_balcony,
          aquarium_subvault_wall, aquarium_subvault_bridge,
          aquarium_subvault_bridge], aquarium_window_corridor_1,
          aquarium_window_1, aquarium_window_2, aquarium_window_1,
          aquarium_view_2d, uniq_edmund, uniq_menkaure
D:6:      layout_basic, nicolae_tso_besieged_by_evil
D:7:      layout_loops_corners, lemuel_flame_loot_1

Skill      XL: |  1  2  3  4  5  6  7 |
---------------+----------------------+-----
Ranged Weapons | 6 7 9 11 | 11.9
Dodging        | 3 5 |  5.0
Fighting       | 2 |  2.9
Armour         | 1 |  1.5
Stealth        | |  1.2

Action                     |  1- 3 |  4- 6 |  7- 9 || total
---------------------------+-------+-------+-------++-------
   Fire: Shortbow          |   103 |    89 |    57 ||   249
    Use: Scroll            |     8 |     3 |     3 ||    14
         Potion            |       |     1 |     1 ||     2
 Armour: Leather armour    |     1 |     8 |     6 ||    15
         Ring mail         |       |       |    18 ||    18
  Dodge: Dodged            |    17 |    23 |    83 ||   123

Table legend:
 A = Non-vault XP
 B = Vault XP
 C = Vault XP percentage of total XP
 D = Non-vault monster count
 E = Vault monster count
 F = Vault count percentage of total count
                 A         B        C        D         E       F
            +---------+---------+-------+---------+---------+-------
      Total |    1614 |     170 |   9.5 |      67 |       2 |   2.9
            +---------+---------+-------+---------+---------+-------
        D:1 |      29 |       0 |   0.0 |      16 |       0 |   0.0
        D:2 |      34 |       0 |   0.0 |      17 |       0 |   0.0
        D:3 |     166 |      37 |  18.2 |      18 |       1 |   5.3
        D:4 |       2 |       0 |   0.0 |       2 |       0 |   0.0
        D:5 |     244 |     133 |  35.3 |       4 |       1 |  20.0
        D:7 |    1139 |       0 |   0.0 |      10 |       0 |   0.0
            +---------+---------+-------+---------+---------+-------
